 Dungeon Crawl Stone Soup version 0.26-a0-652-gafc20e3620 (webtiles) character file.

Game seed: 11608214759428570722

(classic levelgen) 8 EnegeticOcto the Sneak (level 2, -1/16 HPs)
             Began as a Vine Stalker Monk on Oct 1, 2020.
             Killed from afar by a dart slug (4 damage)
             ... with a slug dart
             ... on level 1 of the Dungeon.
             The game lasted 00:00:43 (117 turns).

EnegeticOcto the Sneak (Vine Stalker Monk)           Turns: 117, Time: 00:00:44

Health: -1/16      AC:  2    Str: 13    XL:     2   Next: 8%
Magic:  0/3        EV: 13    Int: 10    God:
Gold:   0          SH:  0    Dex: 16    Spells: 1/1 levels left

rFire    . . .     SeeInvis .   a - +0 short sword
rCold    . . .     Faith    .   (no shield)
rNeg     . . .     Spirit   +   b - +0 robe
rPois    .         Reflect  .   (no helmet)
rElec    .         Harm     .   (no cloak)
rCorr    .         Rampage  .   (no gloves)
MR       .....                  (no boots)
Stlth    +++.......             (no amulet)
HPRegen  0.05/turn              (no ring)
MPRegen  0.08/turn              (no ring)

@: no status effects
A: fangs 2, magic shield, antimagic bite, no potion heal 3, rot immunity
a: no special abilities


You were on level 1 of the Dungeon.
You visited 1 branch of the dungeon, and saw 1 of its levels.

Inventory:

Hand Weapons
 a - a +0 short sword (weapon)
Armour
 b - a +0 robe (worn)


   Skills:
 - Level 2.6 Fighting
 - Level 2.6 Short Blades
 - Level 2.4 Dodging
 + Level 3.5 Stealth


You had one spell level left.
You didn't know any spells.
Your spell library was empty.

Dungeon Overview and Level Annotations

Branches:
Dungeon (1/15)

Altars:


Innate Abilities, Weirdness & Mutations

You have extremely sharp teeth.
When hurt, damage is shared between your health and your magic reserves.
Your bite disrupts and absorbs the magic of your enemies.
Potions cannot restore your health.
You are immune to rotting.


Message History

Welcome, EnegeticOcto the Vine Stalker Monk.
The bosom of this dungeon contains the legendary artefact, the Orb of Zot.
Press ? for a list of commands and other information.
Found a staircase leading out of the dungeon.
You open the door.
There is an open door here.
A giant cockroach comes into view.
Found a spear.
A bat comes into view.
The helpless giant cockroach fails to defend itself.
You puncture the giant cockroach!
You kill the giant cockroach!
No target in view!
The bat closely misses you.
You hit the bat.
You kill the bat!
A bat comes into view.
The helpless bat fails to defend itself.
You puncture the bat!
You kill the bat!
A kobold comes into view.
Found 26 bolts. 2 hobgoblins come into view.
The hobgoblin shouts!
The kobold shouts!
The kobold throws a stone.
The stone closely misses you.
The hobgoblin shouts!
You hear a shout!
Found 16 stones.
You see here a stone.
A kobold and a dart slug come into view.
A hobgoblin comes into view. It is wielding a +0 club.
The kobold throws a stone.
The stone closely misses you.
You see here a stone.
You open the door. The kobold closely misses you.
There is an open door here.
The hobgoblin hits you but does no damage.
You hit the dart slug but do no damage.
You bite the dart slug, but do no damage.
The kobold barely misses you. The dart slug barely misses you.
The kobold hits you.
You aren't carrying any scrolls.
Unknown command.
You aren't carrying any potions.
Unknown command.
You closely miss the kobold. You bite the kobold. You drain its power.
The kobold is moderately wounded.
The kobold closely misses you.
You hit the kobold.
You kill the kobold!
Your Stealth skill increases to level 3!
You closely miss the kobold. You bite the kobold. You drain its power.
The kobold is severely wounded.
The kobold hits you with a +0 whip.
You hit the kobold.
You kill the kobold!
You barely miss the hobgoblin. The hobgoblin closely misses you.
You hit the hobgoblin.
The hobgoblin is almost dead.
You hit the hobgoblin but do no damage. You bite the hobgoblin.
You kill the hobgoblin!
You have reached level 2!
The dart slug launches a dart at you. The slug dart hits you.
You are too injured to fight recklessly!
You are too injured to fight recklessly!
You are too injured to fight recklessly!
You are too injured to fight recklessly!
You are too injured to fight recklessly!
You are too injured to fight recklessly!
You are too injured to fight recklessly!
You are too injured to fight recklessly!
You are too injured to fight recklessly!
You barely miss the hobgoblin. The hobgoblin hits you with a +0 club.
You hit the hobgoblin but do no damage. Your bite misses the hobgoblin.
The hobgoblin closely misses you.
You hit the hobgoblin. Your bite misses the hobgoblin.
The hobgoblin is moderately wounded.
The hobgoblin misses you.
You hit the hobgoblin but do no damage.
The hobgoblin is moderately wounded.
The hobgoblin hits you with a +0 club.
* * * LOW HITPOINT WARNING * * *
You hit the hobgoblin.
You kill the hobgoblin!
The dart slug launches a dart at you. The slug dart hits you.
You die...

## ########## #..
####...K....# #..
#..K#####...#
#...######.### ##...##
#...#.....w@.# #...##
#.....##..######...# #
##.........#####...## ≈#
#.....##......##.g.# ≈≈#
...)...##......#...##≈≈≈#
.##....#....##.'...'≈≈≈≈#
####.#.#.....#...##≈≈≈#
#...#.######...# ≈≈#
#####...# #...## ≈#


You could see a dart slug.

Vanquished Creatures
  A giant cockroach (D:1)
  2 hobgoblins (D:1)
  2 bats (D:1)
  2 kobolds (D:1)
7 creatures vanquished.

Notes
Turn   | Place    | Note
-------+----------+-------------------------------------------
     0 | D:1      | EnegeticOcto the Vine Stalker Monk began the quest for the
                  | Orb.
     0 | D:1      | Reached XP level 1. HP: 11/11 MP: 2/2
   106 | D:1      | Reached skill level 3 in Stealth
   111 | D:1      | Reached XP level 2. HP: 12/16 MP: 3/3
   117 | D:1      | Killed from afar by a dart slug

Illustrated notes

Levels and vault maps discovered:
D:1:      evilmike_arrival_crescent, layout_rooms

Skill      XL: |  1 |
---------------+----+-----
Stealth        | 3 |  3.5
Fighting       | |  2.6
Short Blades   | |  2.6
Dodging        | |  2.4

Action                   || total
-------------------------++-------
Melee: Short sword       ||    16
       Bite              ||     4
 Stab: Sleeping          ||     2
Armor: Robe              ||     1
Dodge: Dodged            ||    10

Table legend: (Time is in decaauts)
 A = Elapsed time spent in this place.
 B = Non-inter-level travel time spent in this place.
 C = Inter-level travel time spent in this place.
 D = Time resting spent in this place.
 E = Time spent auto-exploring this place.
 F = Levels seen in this place.
 G = Mean time per level.
                   A        B        C        D        E       F      G
               +--------+--------+--------+--------+--------+-----+--------+
         Total |    116 |    116 |      0 |      0 |     31 |   1 |  116.0 |
       Dungeon |    116 |    116 |      0 |      0 |     31 |   1 |  116.0 |
               +--------+--------+--------+--------+--------+-----+--------+

Top non-repeatable levels by time:
     D:1: 116 daAuts
